 Dungeon Crawl Stone Soup version 0.29-a0-338-g1ff7896281 (webtiles) character file.

Game seed: 13176556523771593629

756 zeratav the Conjurer (level 7, -3/41 HPs)
             Began as an Octopode Conjurer on Apr 16, 2022.
             Killed from afar by a steam dragon (15 damage)
             ... with a ball of steam
             ... on level 4 of the Dungeon on Apr 17, 2022.
             The game lasted 00:12:57 (5372 turns).

zeratav the Conjurer (Octopode Conjurer)            Turns: 5372, Time: 00:12:58

Health: -3/41      AC:  1    Str:  6    XL:     7   Next: 79%
Magic:  2/13       EV: 17    Int: 22    God:
Gold:   276        SH:  0    Dex: 11    Spells: 7/14 levels left

rFire   . . .      SeeInvis .   r - +0 dagger (flame) {short}
rCold   . . .      Faith    .   (no shield)
rNeg    . . .      Spirit   .   (helmet restricted)
rPois   .          Reflect  .   (no amulet)
rElec   .          Harm     .   o - +4 ring of evasion
rCorr   .          Rampage  .   (no ring)
Will    .....                   (no ring)
Stlth   +++.......              (no ring)
HPRegen 0.13/turn               (no ring)
MPRegen 0.13/turn               (no ring)
                                (no ring)
                                (no ring)

@: no status effects
A: almost no armour, amphibious, 8 rings, camouflage 1, gelatinous body 1,
(nimble swimmer 1), tentacles
a: no special abilities


You were on level 4 of the Dungeon.
You visited 1 branch of the dungeon, and saw 4 of its levels.

You collected 276 gold pieces.


Innate Abilities, Weirdness & Mutations

You cannot wear most types of armour.
You are amphibious.
You can wear up to eight rings at the same time.
Your skin changes colour to match your surroundings (Stealth+).
Your rubbery body absorbs attacks. (AC +1, EV +1)
((You are camouflaged when in or above water. (Stealth+)))
You have tentacles for arms and can constrict up to eight enemies at once.


   Skills:
 - Level 2.0 Dodging
 - Level 2.6 Stealth
 + Level 4.2 Spellcasting
 * Level 7.2 Conjurations
 + Level 3.9 Translocations


You had 7 spell levels left.
You knew the following spells:

 Your Spells              Type           Power      Damage    Failure   Level
a - Magic Dart            Conj           100%       1d8       1%          1
b - Searing Ray           Conj           72%        2d7       1%          2
c - Iskenderun's Mystic   Conj/Tloc      29%        2d7       11%         4

Your spell library contained the following spells:

 Spells                   Type           Power      Damage    Failure   Level
 Dazzling Flash           Conj/Hex       40%        N/A       8%          3
 Fulminant Prism          Conj/Hex       10%        3d9       26%         4

Inventory:

Hand Weapons
 r - a +0 dagger of flaming (weapon) {short}
   (You took it off a goblin on level 3 of the Dungeon)
 u - a +2 trident of freezing {polearm}
   (You took it off a gnoll sergeant on level 4 of the Dungeon)
Armour
 v - a +0 buckler
   (You took it off a gnoll sergeant on level 4 of the Dungeon)
Jewellery
 o - a +4 ring of evasion (left tentacle)
   (You found it on level 2 of the Dungeon)
Wands
 t - a wand of mindburst (18)
   (You found it on level 4 of the Dungeon)
Scrolls
 b - 3 scrolls of blinking {unknown}
 d - a scroll of holy word {unknown}
 e - a scroll of fear {unknown}
 f - a scroll of immolation {unknown}
 g - 2 scrolls of amnesia {unknown}
 i - a scroll of magic mapping {unknown}
 k - a scroll of enchant armour {unknown}
 l - 4 scrolls of identify {unknown}
Potions
 a - 2 potions of magic
 c - a potion of attraction {unknown}
 h - 2 potions of flight {unknown}
 j - 2 potions of haste {unknown}
 m - a potion of berserk rage {unknown}
 n - a potion of invisibility {unknown}
 p - a potion of cancellation {unknown}
 q - a potion of degeneration {unknown}
 s - a potion of lignification {unknown}

Dungeon Overview and Level Annotations

Branches:
Dungeon (4/15)
 Temple: D:4-7

Altars:
Kikubaaqudgha
Zin

#.. ...#.# #.#
#...###..# #.#
##...D.[..# #.#
..........# #.#
########..# #.#
#..# #.# #..###)#
#...##§# #...†D@#
#...#..# #.###..#
### #.# #..########
.. #.#
#.........#########
.# #.#
#.#######....))....
.## #.# #.#
#########.# #.##
#.# #.# #.#
##g########.###.#
#.#


You could see a steam dragon (catching breath).


Message History

The searing ray hits the gnoll!
You kill the gnoll!
MP[-1]
You lost 1 mp, and now have 2/13 mp.
You see here a +0 club {mace}.
Things that are here:
a +2 trident of freezing {polearm}; a +0 scale mail; a +0 buckler You start resting.
MP[+11]
Your mp is fully restored (13).
Okay, then.
u - a +2 trident of freezing {polearm};
v - a +0 buckler
Things that are here:
a +0 spear {polearm}; a gnoll corpse You see here a giant cockroach corpse.
You now have 276 gold pieces (gained 12).
You see here a +0 flail {mace}.
Things that are here:
a +0 spear {polearm}; a +0 spear {polearm} You see here a +0 spear {polearm}.
A jelly comes into view.
The jelly quivers.
A jelly is nearby!
The magic dart hits the jelly.
MP[-1]
You lost 1 mp, and now have 12/13 mp.
The magic dart hits the jelly.
MP[-1]
You lost 1 mp, and now have 11/13 mp.
The magic dart hits the jelly.
MP[-1]
You lost 1 mp, and now have 10/13 mp.
The magic dart hits the jelly.
You kill the jelly!
MP[-1]
You lost 1 mp, and now have 9/13 mp.
You can't see any susceptible monsters within range! (Use Z to cast anyway.)
A quokka is nearby!
MP[+1]
The magic dart hits the quokka!
You kill the quokka!
MP[-1]
You lost 1 mp, and now have 9/13 mp.
You can't see any susceptible monsters within range! (Use Z to cast anyway.)
You can't see any susceptible monsters within range! (Use Z to cast anyway.)
You can't see any susceptible monsters within range! (Use Z to cast anyway.)
A steam dragon is nearby!
MP[+4]
Your mp is fully restored (13).
You see here a quokka corpse.
Casting: Magic Dart (safe; 1% risk of failure)
Confirm with . or Enter, or press ? or * to list all spells.
The spell is quite dangerous to miscast (11% risk of failure)!
Continue anyway?
You erupt in a blast of force!
The mystic blast hits the steam dragon.
The goblin shouts!
MP[-4]
You lost 4 mp, and now have 9/13 mp.
Casting: Iskenderun's Mystic Blast (quite dangerous; 11% risk of failure)
Confirm with . or Enter, or press ? or * to list all spells.
The spell is quite dangerous to miscast (11% risk of failure)!
Continue anyway?
You erupt in a blast of force!
The mystic blast hits the steam dragon.
The steam dragon is knocked back by the mystic blast.
The steam dragon slams into the rock wall!
MP[-4]
You lost 4 mp, and now have 5/13 mp.
You closely miss the steam dragon. Your squeeze misses the steam dragon.
The steam dragon completely misses you. The steam dragon misses you.
You hit the steam dragon. You burn the steam dragon.
You squeeze the steam dragon. The steam dragon barely misses you.
The steam dragon claws you. The goblin closely misses you.
HP[-6]
You take 6 damage, and now have 35/41 hp.
You completely miss the steam dragon. The steam dragon bites you!
The steam dragon claws you. The goblin hits you with a +0 dagger.
HP[-11]
You take 11 damage, and now have 24/41 hp.
MASSIVE DAMAGE!! (PAUSE)
You hit the steam dragon but do no damage.
You squeeze the steam dragon, but do no damage.
The steam dragon breathes steam at you. The ball of steam hits you!
* * * LOW HITPOINT WARNING * * *
The goblin barely misses you.
HP[-12]
You take 12 damage, and now have 12/41 hp.
MASSIVE DAMAGE!! (PAUSE)
The steam dragon closely misses you. The steam dragon completely misses you.
Casting: Iskenderun's Mystic Blast (quite dangerous; 11% risk of failure)
Confirm with . or Enter, or press ? or * to list all spells.
The spell is quite dangerous to miscast (11% risk of failure)!
Continue anyway?
You erupt in a blast of force!
The mystic blast hits the goblin.
You kill the goblin!
The mystic blast hits the steam dragon!
The steam dragon is knocked back by the mystic blast.
MP[-3]
You lost 3 mp, and now have 2/13 mp.
You hit the steam dragon but do no damage.
The steam dragon breathes steam at you. The ball of steam hits you!
You die...

Skill      XL: |  1  2  3  4  5  6  7 |
---------------+----------------------+-----
Translocations | 1 2 3 |  3.9
Conjurations   | 5 6 7 |  7.2
Spellcasting   | 3 4 |  4.2
Dodging        | |  2.0
Stealth        | |  2.6

Action                   |  1- 3 |  4- 6 |  7- 9 || total
-------------------------+-------+-------+-------++-------
Melee: Dagger            |    20 |     4 |    11 ||    35
       Constrict         |     9 |     1 |     2 ||    12
       Tentacles         |     7 |     2 |     4 ||    13
 Cast: Magic Dart        |    54 |    63 |    15 ||   132
       Searing Ray       |     4 |    11 |    10 ||    25
       Iskenderun's Myst |       |       |     5 ||     5
 Stab: Sleeping          |     1 |       |       ||     1
Armor: Skin              |     2 |       |       ||     2
Dodge: Dodged            |    11 |    18 |    29 ||    58

Levels and vault maps discovered:
D:1:      kennysheep_arrival_forest, layout_basic,
          shapermc_ecumenical_altar_flowoftime, minmay_surrounded
D:2:      layout_loops_ring, basic_altar
D:3:      layout_basic, uniq_grinder
D:4:      layout_loops_ring, amcnicky_altar_gilded, minmay_manual_mail

Notes
Turn   | Place    | Note
-------+----------+-------------------------------------------
     0 | D:1      | zeratav the Octopode Conjurer began the quest for the Orb.
     0 | D:1      | Reached XP level 1. HP: 11/11 MP: 3/3
     0 | D:1      | magus.rc [v1.9.6]
   200 | D:1      | Reached XP level 2. HP: 17/17 MP: 3/5
   479 | D:1      | Found a faded altar of an unknown god.
   553 | D:1      | Reached skill level 1 in Translocations
   633 | D:1      | Reached XP level 3. HP: 21/21 MP: 2/6
   636 | D:1      | Learned a level 2 spell: Searing Ray
  1064 | D:1      | Upgraded the game from 0.29-a0-337-g68df138881 to
                  | 0.29-a0-338-g1ff7896281
  1064 | D:1      | magus.rc [v1.9.6]
  1661 | D:2      | Reached XP level 4. HP: 27/27 MP: 5/7
  2144 | D:2      | Found an ancient bone altar of Kikubaaqudgha.
  2298 | D:2      | Reached skill level 5 in Conjurations
  3095 | D:3      | Reached skill level 2 in Translocations
  3153 | D:3      | Reached XP level 5. HP: 31/31 MP: 6/9
  3244 | D:3      | Reached skill level 3 in Spellcasting
  3424 | D:3      | Noticed Grinder
  3450 | D:3      | Killed Grinder
  3451 | D:3      | Reached skill level 6 in Conjurations
  3451 | D:3      | Reached skill level 3 in Translocations
  3451 | D:3      | Reached XP level 6. HP: 14/36 MP: 1/11
  3754 | D:3      | Learned a level 4 spell: Iskenderun's Mystic Blast
  3785 | D:4      | Noticed a wyvern
  3789 | D:4      | Noticed a steam dragon
  4182 | D:4      | Reached XP level 7. HP: 36/41 MP: 2/12
  4245 | D:4      | HP: 7/41 [gnoll sergeant/+2 trident of freezing (12)]
  4876 | D:4      | Reached skill level 4 in Spellcasting
  5126 | D:4      | Found a glowing silver altar of Zin.
  5170 | D:4      | Reached skill level 7 in Conjurations
  5372 | D:4      | Killed from afar by a steam dragon

Vanquished Creatures
  Grinder (D:3)
  A phantom (D:4)
  A gnoll sergeant (D:4)
  A howler monkey (D:4)
  A hound (D:4)
  A jelly (D:4)
  2 orc priests
  10 gnolls (D:4)
  5 adders
  A worm (D:2)
  4 dart slugs
  14 orcs
  9 endoplasms
  4 giant cockroaches
  14 goblins
  8 hobgoblins
  4 quokkas
  5 ball pythons
  5 bats
  6 frilled lizards
  2 kobolds
  3 rats
102 creatures vanquished.

Vanquished Creatures (others)
  2 plants (D:1)
  4 withered plants (D:1)
6 creatures vanquished.

Grand Total: 108 creatures vanquished

Table legend:
 A = Non-vault XP
 B = Vault XP
 C = Vault XP percentage of total XP
 D = Non-vault monster count
 E = Vault monster count
 F = Vault count percentage of total count
                 A         B        C        D         E       F
            +---------+---------+-------+---------+---------+-------
      Total |     767 |     314 |  29.0 |      95 |       7 |   6.9
            +---------+---------+-------+---------+---------+-------
        D:1 |      35 |       7 |  16.7 |      21 |       4 |  16.0
        D:2 |      82 |       0 |   0.0 |      20 |       0 |   0.0
        D:3 |     106 |     290 |  73.2 |      24 |       1 |   4.0
        D:4 |     544 |      17 |   3.0 |      30 |       2 |   6.2
            +---------+---------+-------+---------+---------+-------

Illustrated notes

Table legend:
 A = Kills in this place as a percentage of kills in entire the game.
 B = Kills by you in this place as a percentage of kills by you in the entire game.
 C = Kills by friends in this place as a percentage of kills by friends in the entire game.
 D = Other kills in this place as a percentage of other kills in the entire game.
 E = Experience gained in this place as a percentage of experience gained in the entire game.
 F = Experience gained in this place divided by the number of levels of this place that you have seen.
                   A       B       C       D       E      F
               +-------+-------+-------+-------+-------+----------------------
         Total | 100.0 | 100.0 |   N/A |   N/A | 100.0 | 270.2
       Dungeon | 100.0 | 100.0 |   N/A |   N/A | 100.0 | 270.2
               +-------+-------+-------+-------+-------+----------------------

Table legend: (Time is in decaauts)
 A = Elapsed time spent in this place.
 B = Non-inter-level travel time spent in this place.
 C = Inter-level travel time spent in this place.
 D = Time resting spent in this place.
 E = Time spent auto-exploring this place.
 F = Levels seen in this place.
 G = Mean time per level.
                   A        B        C        D        E       F      G
               +--------+--------+--------+--------+--------+-----+--------+
         Total |   5374 |   5148 |    226 |   1518 |   2781 |   4 | 1343.5 |
       Dungeon |   5374 |   5148 |    226 |   1518 |   2781 |   4 | 1343.5 |
               +--------+--------+--------+--------+--------+-----+--------+

Top non-repeatable levels by time:
     D:3: 1950 daAuts
     D:1: 1366 daAuts
     D:2: 1088 daAuts
     D:4: 969 daAuts
